 Dungeon Crawl Stone Soup version 0.29-a0-369-gd956c00756 (webtiles) character file.

Game seed: 6832559091525243918

60 sammy202020 the Skirmisher (level 3, -1/30 HPs)
             Began as a Demonspawn Berserker on May 2, 2022.
             Was a Follower of Trog.
             Slain by a rat (2 damage)
             ... on level 2 of the Dungeon.
             The game lasted 00:01:50 (1761 turns).

sammy202020 the Skirmisher (Demonspawn Berserker)   Turns: 1761, Time: 00:01:51

Health: -1/30      AC:  5    Str: 17    XL:     3   Next: 80%
Magic:  3/3        EV: 11    Int: 10    God:    Trog [*.....]
Gold:   40         SH:  4    Dex: 12    Spells: 2/2 levels left

rFire   . . .      SeeInvis .   a - +0 hand axe
rCold   . . .      Faith    .   (no shield)
rNeg    . . .      Spirit   .   i - +0 ring mail
rPois   .          Reflect  .   (no helmet)
rElec   .          Harm     .   (no cloak)
rCorr   .          Rampage  .   (no gloves)
Will    .....                   (no boots)
Stlth   +.........              (no amulet)
HPRegen 0.10/turn               (no ring)
MPRegen 0.08/turn               (no ring)

@: on berserk cooldown, slowed, very slow
A: condensation shield
a: Renounce Religion, Berserk


You were on level 2 of the Dungeon.
You worshipped Trog.
Trog was aware of your devotion.
You visited 1 branch of the dungeon, and saw 2 of its levels.

You collected 40 gold pieces.

Inventory:

Hand Weapons
 a - a +0 hand axe (weapon)
Armour
 i - a +0 ring mail (worn)
Scrolls
 f - a scroll of fog {unknown}
Potions
 d - 2 potions of haste {unknown}
 e - a potion of attraction {unknown}
 g - a potion of berserk rage {unknown}
 h - a potion of degeneration {unknown}


   Skills:
 * Level 3.7 Fighting
 * Level 3.3 Axes
 + Level 2.2 Armour
 + Level 2.2 Dodging


You had 2 spell levels left.
You didn't know any spells.
Your spell library was empty.

Dungeon Overview and Level Annotations

Branches:
Dungeon (2/15)

Altars:


Innate Abilities, Weirdness & Mutations

A meltable shield of frost defends you. (SH +4)


Message History

* * * LOW HITPOINT WARNING * * *
You closely miss the gnoll.
The gnoll is moderately wounded.
The gnoll hits you from afar with a +0 spear.
* * * LOW HITPOINT WARNING * * *
The gnoll closely misses you.
You hit the gnoll.
The gnoll is heavily wounded.
The gnoll hits you from afar with a +0 spear.
* * * LOW HITPOINT WARNING * * *
The gnoll closely misses you.
You barely miss the gnoll.
The gnoll is heavily wounded.
The gnoll barely misses you. x2
You slash the gnoll!
You kill the gnoll!
Trog accepts your kill. The gnoll barely misses you.
You see here a +0 club.
You barely miss the gnoll. The gnoll hits you with a +0 spear.
* * * LOW HITPOINT WARNING * * *
You slash the gnoll!
The gnoll is severely wounded.
You block the gnoll's attack.
You completely miss the gnoll.
The gnoll is severely wounded.
The gnoll hits you with a +0 spear.
* * * LOW HITPOINT WARNING * * *
You barely miss the gnoll.
The gnoll is severely wounded.
You slash the gnoll!
You kill the gnoll!
Trog accepts your kill.
You are no longer berserk.
You are exhausted.
You feel yourself slow down.
You hit the rat.
The rat is heavily wounded.
The rat bites you.
You die...

. .##### .....
#.#.. # ## #.#r# .
.. #.#r# . #.#
#.#@# . #.###.#†#
.### ##.##....#
...######........#
.......#.###....##
...###..#
##..####.. ..##
#..# #........ ..#
##.## ##........
..#
##.###.########


You could see a quokka and a rat.

Vanquished Creatures
  2 gnolls (D:2)
  2 adders (D:2)
  A dart slug (D:1)
  3 endoplasms
  3 giant cockroaches
  3 goblins
  A hobgoblin (D:1)
  2 bats (D:2)
  3 frilled lizards
  A kobold (D:1)
  2 rats (D:2)
23 creatures vanquished.

Notes
Turn   | Place    | Note
-------+----------+-------------------------------------------
     0 | D:1      | sammy202020 the Demonspawn Berserker began the quest for
                  | the Orb.
     0 | D:1      | Reached XP level 1. HP: 18/18 MP: 1/1
   398 | D:1      | Found a faded altar of an unknown god.
   418 | D:1      | Gained mutation: A meltable shield of frost defends you.
                  | (SH +4) [demonic ancestry]
   418 | D:1      | Reached XP level 2. HP: 10/24 MP: 2/2
  1546 | D:2      | Reached XP level 3. HP: 29/29 MP: 3/3
  1758 | D:2      | HP: 1/43 [gnoll/+0 spear (4)]
  1761 | D:2      | Slain by a rat

Illustrated notes

Levels and vault maps discovered:
D:1:      minmay_arrival_glassed_features, layout_basic,
          hellmonk_ecumenical_altar_blasted
D:2:      minmay_evil_eye, layout_loops_ring

Skill      XL: |  1  2 |
---------------+-------+-----
Armour         | 2 |  2.2
Axes           | 3 |  3.3
Dodging        | 2 |  2.2
Fighting       | |  3.7

Action                   || total
-------------------------++-------
Melee: Hand axe          ||    93
Invok: Berserk           ||     2
Armor: Animal skin       ||    13
       Ring mail         ||    14
Dodge: Dodged            ||    51
Block: Other             ||    12

Table legend: (Time is in decaauts)
 A = Elapsed time spent in this place.
 B = Non-inter-level travel time spent in this place.
 C = Inter-level travel time spent in this place.
 D = Time resting spent in this place.
 E = Time spent auto-exploring this place.
 F = Levels seen in this place.
 G = Mean time per level.
                   A        B        C        D        E       F      G
               +--------+--------+--------+--------+--------+-----+--------+
         Total |   1779 |   1779 |      0 |    214 |   1310 |   2 |  889.5 |
       Dungeon |   1779 |   1779 |      0 |    214 |   1310 |   2 |  889.5 |
               +--------+--------+--------+--------+--------+-----+--------+

Top non-repeatable levels by time:
     D:1: 1321 daAuts
     D:2: 458 daAuts
